cohdb
Replays
Latest Replays
All Replays
Popular Replays
Top Player Replays
Match Explorer
How It Works
Community
CoH3 Stats
Reddit
Sign in to upload your games and track your stats! →
Sign in with Steam
Match 43751939
Unlisted
Match 43751939
Overview
Messages
Build Orders
End
Pioneer Squad
Construct Infanterie Kompanie
Sniper
Grenadier Squad
Grenadier Squad
Grenadier Squad
Pioneer Squad
Construct Panzergrenadier Kompanie
MG 42 Machine Gun Team
Guessmaname
DrewP
0
0
Comments
sign in to comment!
No comments posted yet!